Map: Ice and Chrome LE

Players

ShoWTimE

  • Race: Protoss Protoss
  • League: Grandmaster
  • Spawn Location: 7:00

uwuThermal (uThermal) - Winner!

  • Race: Terran Terran
  • League: Grandmaster
  • Spawn Location: 1:00

VOD

Have the link to the VOD?

Description

Time

  • Played on: Aug. 15, 2020, 1:52 p.m.
  • Length: 10:50
Show
View Real Time Build Order
Export as new Build Order

ShoWTimE Protoss 

Build Orders: 1 Gate Expand, Blink Stalkers, Colossus Rush 

Get SALT Encoding   

  12  0:00  Probe  
  13  0:12  Probe  
  14  0:18  Pylon  
  14  0:24  Probe (Chrono Boost)  
  15  0:36  Probe (Chrono Boost)  
  15  0:37  Gateway  
  16  0:45  Probe (Chrono Boost)  
  16  0:46  Assimilator  
  17  0:51  Probe  
  18  1:03  Probe  
  19  1:15  Probe  
  20  1:25  Cybernetics Core  
  20  1:32  Nexus  
  20  1:35  Probe  
  21  1:42  Pylon  
  21  1:47  Probe  
  21  1:51  Assimilator  
  22  1:59  Probe, Adept (Chrono Boost)  
  23  2:02  Warp Gate  
  25  2:09  Shield Battery  
  25  2:12  Probe  
  26  2:19  Stalker (Chrono Boost)  
  28  2:24  Probe  
  29  2:36  Twilight Council, Probe  
  30  2:43  Probe  
  31  2:47  Shield Battery  
  31  2:48  Probe  
  32  2:55  Probe  
  33  3:01  Robotics Facility  
  34  3:05  Probe (Chrono Boost)  
  34  3:08  Probe (Chrono Boost)  
  35  3:19  Probe (Chrono Boost), Blink (Chrono Boost)  
  37  3:20  Probe (Chrono Boost)  
  37  3:23  Probe (Chrono Boost)  
  38  3:28  Probe  
  38  3:32  Gateway  
  39  3:36  Probe  
  39  3:39  Gateway  
  39  3:41  Probe  
  40  3:48  Probe  
  41  3:49  Observer (Chrono Boost)  
  41  3:52  Pylon  
  41  3:53  Probe  
  43  3:56  Assimilator  
  43  3:59  Assimilator  
  43  4:00  Probe  
  43  4:01  Stalker  
  46  4:11  Probe  
  46  4:12  Probe, Pylon  
  48  4:23  Probe  
  49  4:24  Pylon  
  49  4:27  Stalker x2, Robotics Bay  
  53  4:33  Probe  
  53  4:35  Probe, Observer  
  56  4:45  Probe  
  56  4:47  Probe  
  56  4:57  Nexus  
  56  5:01  Probe  
  56  5:02  Pylon  
  56  5:11  Colossus (Chrono Boost)  
  56  5:15  Probe x2  
  56  5:20  Forge  
  64  5:25  Extended Thermal Lance (Chrono Boost)  
  64  5:27  Probe  
  64  5:28  Probe  
  66  5:30  Sentry  
  66  5:32  Sentry  
  70  5:40  Gateway, Probe x2  
  72  5:45  Gateway  
  72  5:52  Probe x2, Pylon  
  72  5:54  Protoss Ground Weapons Level 1 (Chrono Boost)  
  73  6:05  Colossus (Chrono Boost)  
  73  6:07  Shield Battery  
  73  6:09  Probe  
  80  6:11  Sentry  
  80  6:13  Probe  
  80  6:14  Probe  
  84  6:20  Phoenix  
  84  6:21  Probe  
  84  6:22  Gateway  
  84  6:25  Probe  
  86  6:26  Probe  
  86  6:30  Stalker  
  89  6:33  Probe  
  89  6:37  Probe, Pylon  
  89  6:38  Probe, Stalker  
  94  6:41  Pylon  
  94  6:50  Probe x2  
  94  6:52  Colossus (Chrono Boost), Probe  
  97  6:56  Pylon  
  103  7:04  Pylon  
  103  7:05  Probe x3  
  106  7:09  Zealot x2  
  106  7:11  Templar Archives  
  106  7:15  Assimilator  
  110  7:17  Pylon  
  110  7:19  Probe, Assimilator  
  110  7:21  Zealot x2  
  115  7:25  Photon Cannon  
  115  7:34  Gateway  
  115  7:36  Gateway  
  115  7:37  Observer (Chrono Boost)  
  115  7:54  Probe (Chrono Boost)  
  115  7:57  Stalker x4  
  110  7:59  Probe x2 (Chrono Boost)  
  112  8:06  Protoss Ground Armor Level 1 (Chrono Boost), Probe (Chrono Boost)  
  112  8:10  Probe (Chrono Boost)  
  112  8:11  Probe (Chrono Boost)  
  114  8:14  Probe (Chrono Boost)  
  114  8:15  Probe x2 (Chrono Boost)  
  114  8:18  High Templar x2  
  121  8:20  Probe  
  121  8:22  Archon  
  121  8:24  Warp Prism  
  121  8:25  Probe x2  
  126  8:29  Charge (Chrono Boost), High Templar x2  
  126  8:32  Probe  
  126  8:33  Archon  
  131  8:37  Probe x2  
  133  8:42  High Templar x2  
  133  8:45  Pylon  
  133  8:46  Pylon, Archon  
  137  8:52  Pylon  
  137  8:53  Zealot x2  
  139  9:03  Nexus  
  139  9:06  Disruptor (Chrono Boost), Observer  
  139  9:08  High Templar x2  
  146  9:13  Archon  
  146  9:15  Probe x3  
  149  9:18  Forge  
  149  9:23  Zealot x4  
  157  9:34  Disruptor (Chrono Boost), Photon Cannon  
  157  9:37  Pylon  
  160  9:38  Pylon  
  160  9:42  Zealot x2  
  160  9:45  Zealot  
  165  9:50  Pylon  
  165  9:57  Pylon  
  165  10:10  Zealot x4  
  165  10:13  Pylon  
  171  10:15  Pylon  
  157  10:23  Probe  
  157  10:27  Zealot x4  
  149  10:32  Zealot x4  
Show
View Real Time Build Order
Export as new Build Order

uwuThermal Terran - Winner!

Build Orders:  

Get SALT Encoding   

  12  0:00  SCV  
  13  0:12  SCV  
  14  0:16  Supply Depot  
  14  0:24  SCV  
  14  0:27  Refinery  
  15  0:38  SCV  
  16  0:43  Barracks  
  16  0:50  SCV  
  16  0:54  Refinery  
  17  1:02  SCV  
  18  1:14  SCV  
  19  1:30  Reaper  
  19  1:31  Orbital Command  
  20  1:35  Factory  
  20  1:43  Supply Depot  
  20  1:56  SCV  
  21  2:03  Reaper  
  23  2:08  SCV  
  23  2:18  Hellion  
  23  2:20  SCV  
  26  2:28  Command Center  
  26  2:32  SCV  
  26  2:35  Barracks Reactor  
  27  2:42  Starport  
  27  2:45  SCV  
  27  2:48  Widow Mine  
  30  2:54  Supply Depot  
  30  2:57  SCV  
  31  3:15  Marine x2  
  31  3:16  SCV, Widow Mine  
  31  3:18  Medivac  
  38  3:28  SCV  
  39  3:38  Factory Tech Lab  
  39  3:39  Marine x2  
  39  3:40  SCV, Orbital Command  
  42  3:45  Bunker  
  42  3:52  SCV  
  43  3:58  Marine x2  
  45  4:03  Factory Tech Lab, Supply Depot  
  45  4:04  SCV  
  45  4:05  SCV  
  47  4:12  Raven  
  47  4:16  Marine x2, SCV  
  52  4:18  SCV  
  52  4:21  Siege Tank  
  54  4:28  SCV  
  54  4:30  SCV  
  54  4:31  Barracks  
  56  4:37  Marine  
  56  4:38  Barracks  
  57  4:40  SCV  
  57  4:41  Marine  
  57  4:42  SCV  
  61  4:52  SCV  
  61  4:54  Engineering Bay  
  61  4:55  Refinery, Supply Depot  
  61  4:56  Marine  
  62  5:02  Factory Reactor  
  62  5:03  Starport Reactor  
  62  5:06  Supply Depot  
  62  5:16  Marine x2, SCV x2  
  62  5:20  Command Center  
  66  5:23  Terran Infantry Weapons Level 1  
  66  5:28  SCV x2  
  66  5:29  Marauder  
  66  5:30  Stimpack  
  66  5:33  Marauder  
  66  5:34  Marine  
  73  5:39  Supply Depot  
  73  5:40  SCV  
  75  5:42  SCV  
  75  5:45  Widow Mine  
  77  5:50  Supply Depot  
  77  5:52  SCV  
  78  6:00  Marine x2, Combat Shield  
  78  6:01  Widow Mine, Marauder x2  
  78  6:03  Supply Depot  
  86  6:11  Medivac  
  86  6:12  SCV x2, Widow Mine  
  86  6:13  Medivac  
  93  6:18  Supply Depot  
  93  6:19  Marine  
  93  6:24  Marine, Refinery  
  93  6:25  Marauder  
  97  6:27  Marauder  
  97  6:30  SCV  
  97  6:31  SCV  
  101  6:40  Barracks  
  101  6:41  Barracks  
  101  6:42  SCV  
  101  6:43  SCV  
  101  6:44  Marine  
  101  6:46  Marauder  
  106  6:48  Medivac  
  106  6:49  Medivac  
  112  6:54  Marauder  
  112  6:55  SCV  
  112  6:58  Orbital Command  
  112  7:01  Marine  
  113  7:03  SCV  
  113  7:07  SCV  
  116  7:09  Marine  
  116  7:10  Marauder  
  116  7:15  SCV, Marine, Supply Depot  
  121  7:18  Concussive Shells  
  121  7:19  SCV  
  122  7:24  SCV  
  122  7:27  SCV  
  124  7:30  Barracks Tech Lab x2  
  124  7:33  Supply Depot, Terran Infantry Armor Level 1  
  124  7:34  Supply Depot  
  124  7:37  Viking x2, SCV, Marauder  
  124  7:38  Marine  
  124  7:41  Supply Depot  
  132  7:45  SCV  
  132  7:47  Marine  
  132  7:48  SCV  
  132  7:50  Supply Depot  
  133  7:51  Marauder  
  133  7:55  Marine  
  133  7:56  Refinery, Marauder  
  133  7:57  Refinery  
  132  7:59  SCV  
  132  8:05  Marauder  
  133  8:07  Viking x2  
  137  8:12  Supply Depot  
  137  8:13  Marine, Marauder  
  137  8:14  Marauder  
  137  8:15  SCV  
  137  8:23  Marine  
  137  8:24  SCV, Marauder, Ghost Academy  
  137  8:25  Missile Turret  
  137  8:26  Marine  
  142  8:31  Marine  
  142  8:32  Missile Turret  
  142  8:33  Missile Turret x2  
  143  8:34  Marauder  
  143  8:37  Viking  
  143  8:39  Viking  
  149  8:53  Ghost x3  
  149  8:55  Ghost  
  156  8:57  Supply Depot  
  156  9:06  Marine  
  156  9:07  Marine, Viking  
  156  9:08  Command Center  
  160  9:10  Viking  
  162  9:20  Armory  
  162  9:21  Engineering Bay  
  162  9:22  Marine, Marauder x2  
  162  9:24  Marine  
  168  9:30  Marine  
  168  9:34  Marine  
  168  9:37  Viking, Supply Depot  
  171  9:38  Supply Depot  
  171  9:40  Viking, Marauder  
  171  9:42  Marauder  
  177  9:46  Marine, Marauder  
  177  9:48  Marine  
  181  9:59  Marine  
  182  10:02  Marauder  
  182  10:03  Marauder  
  182  10:05  Marine  
  186  10:07  Viking  
  186  10:08  Marauder  
  186  10:10  Marine  
  191  10:17  Marine  
  187  10:23  Marauder x2  
Tags
 
Add a new tag
Caveats
  • Supply blocks, unpowered buildings, or Contaminate may cause inaccurate times.
  • Supply counts are checked every 10 seconds.